 Dungeon Crawl Stone Soup version 0.30.0-29-ga12c61a403 (webtiles) character file.

Game seed: 4934165012544062404

1243 cdecastro the Skirmisher (level 8, -1/91 HPs)
             Began as a Gnoll Wanderer on June 3, 2023.
             Was a Follower of Vehumet.
             Slain by a killer bee (5 damage)
             ... on level 7 of the Dungeon.
             The game lasted 00:07:56 (5279 turns).

cdecastro the Skirmisher (Gnoll Wanderer)           Turns: 5279, Time: 00:07:57

Health: -1/91      AC: 24    Str: 16    XL:     8   Next: 50%
Magic:  13/13      EV:  2    Int: 11    God:    Vehumet [*.....]
Gold:   273        SH:  0    Dex: 10    Spells: 12/13 levels left

rFire   . . .        a - +2 sling
rCold   . . .        (no shield)
rNeg    . . .        r - melded +2 ring mail of the Elephant {Str+2}
rPois   +            (helmet currently unavailable)
rElec   .            (cloak currently unavailable)
rCorr   .            (gloves currently unavailable)
SInv    .            n - melded +2 pair of boots
Will    .....        (no amulet)
Stlth   ++           x - ring of poison resistance
HPRegen 0.35/turn    (no ring)
MPRegen 0.13/turn

%: no passive effects
@: tree-form, hasted, very quick
A: stationary, stasis, torment immunity, boosted hp, (fangs 1), strong nose,
distributed training
a: Renounce Religion


You were on level 7 of the Dungeon.
You worshipped Vehumet.
Vehumet was aware of your devotion.
You were a tree.
You visited 1 branch of the dungeon, and saw 7 of its levels.

You collected 273 gold pieces.

Inventory:

Hand Weapons
 a - a +2 sling (weapon)
 C - a +0 triple crossbow
Missiles
 y - 5 poisoned darts
 A - 5 boomerangs
Armour
 c - a +0 ring mail
 n - a +2 pair of boots (melded)
 p - a +0 leather armour of fire resistance
 r - the +2 ring mail of the Elephant (melded) {Str+2}
   (You found it on level 5 of the Dungeon)

   Str:       It affects your strength (+2).
Jewellery
 t - the ring "Kovvotho" {+Blink rF- rN+ Str+3 SInv}
   (You found it on level 5 of the Dungeon)

   [ring of positive energy]

   Str:       It affects your strength (+3).
   rF:        It makes you vulnerable to fire.
   rN:        It protects you from negative energy.
   SInv:      It lets you see invisible.
   +Blink:    It lets you blink.
 x - a ring of poison resistance (left branch)
 B - a ring of positive energy
Wands
 w - a wand of paralysis (11)
Scrolls
 d - 2 scrolls of vulnerability
 e - a scroll of brand weapon {unknown}
 f - 7 scrolls of identify {unknown}
 g - 2 scrolls of enchant weapon {unknown}
 l - a scroll of magic mapping {unknown}
 o - 2 scrolls of noise {unknown}
 s - a scroll of blinking {unknown}
 u - a scroll of amnesia {unknown}
 D - a scroll of teleportation {unknown}
Potions
 h - 3 potions of haste
 i - 2 potions of curing
 j - 2 potions of brilliance {unknown}
 k - 2 potions of magic {unknown}
 m - 2 potions of attraction {unknown}
 q - a potion of might
 v - a potion of heal wounds {unknown}
 z - a potion of flight {unknown}


   Skills:
 + Level 4.3 Fighting
 + Level 3.4 Short Blades
 + Level 3.4 Long Blades
 + Level 3.4 Axes
 + Level 3.4 Maces & Flails
 + Level 3.4 Polearms
 + Level 3.4 Staves
 + Level 11.0 Ranged Weapons
 + Level 3.4 Throwing
 + Level 4.3 Armour
 + Level 3.4 Dodging
 + Level 3.4 Stealth
 + Level 3.4 Shields
 + Level 7.4 Unarmed Combat
 + Level 3.4 Spellcasting
 + Level 2.8 Conjurations
 + Level 2.8 Hexes
 + Level 2.8 Summonings
 + Level 2.8 Necromancy
 + Level 2.8 Translocations
 + Level 2.8 Transmutations
 + Level 2.8 Fire Magic
 + Level 2.8 Ice Magic
 + Level 2.8 Air Magic
 + Level 2.8 Earth Magic
 + Level 2.8 Poison Magic
 + Level 3.8 Invocations
 + Level 3.4 Evocations


You had 12 spell levels left.
You knew the following spells:

 Your Spells              Type           Power      Damage    Failure   Level
a - Foxfire               Conj/Fire      32%        2x1d5     8%          1

Your spell library contained the following spells:

 Spells                   Type           Power      Damage    Failure   Level
 Beastly Appendage        Tmut           16%        N/A       8%          1
 Wereblood                Tmut           8%         N/A       12%         2
 Spider Form              Tmut/Pois      8%         N/A       24%         3


Dungeon Overview and Level Annotations

Branches:
Dungeon (7/15)
 Temple: D:4-7

Altars:
Gozag
Uskayaw
Vehumet
Yredelemnul

Shops:
D:2 [   D:7 *


Innate Abilities, Weirdness & Mutations

You are a tree.
Your roots penetrate the ground, keeping you stationary.
You cannot be teleported.
You are immune to unholy pain and torment.
Your maximum health is greatly increased.
Your equipment is partially melded.
((You have very sharp teeth.))
Your uncanny sense of smell can sniff out nearby items.
Your experience applies equally to all skills.


Message History

You shoot a sling bullet. The sling bullet hits the killer bee.
The killer bee is heavily wounded.
The killer bee stings you but does no damage.
The killer bee stings you.
* * * LOW HITPOINT WARNING * * *
The killer bee stings you but does no damage.
The killer bee stings you.
* * * LOW HITPOINT WARNING * * *
You shoot a sling bullet.
The sling bullet closely misses the killer bee.
The killer bee stings you but does no damage. x4
Unknown command.
You shoot a sling bullet.
The sling bullet closely misses the killer bee.
The killer bee stings you but does no damage.
The killer bee stings you.
* * * LOW HITPOINT WARNING * * *
You are lethally poisoned!
The killer bee poisons you!
It was a potion of haste.
You feel yourself speed up.
* * * LOW HITPOINT WARNING * * *
You feel sick.
The killer bee stings you but does no damage. x4
It was a potion of curing.
You feel better.
The killer bee stings you but does no damage. x3
The killer bee barely misses you.
You shoot a sling bullet.
The sling bullet hits the killer bee but does no damage.
The killer bee is heavily wounded.
The killer bee stings you but does no damage.
The killer bee stings you.
* * * LOW HITPOINT WARNING * * *
You shoot a sling bullet. The sling bullet hits the killer bee.
The killer bee is almost dead.
The killer bee stings you but does no damage. x2
You shoot a sling bullet.
The sling bullet closely misses the killer bee.
The killer bee stings you but does no damage.
The killer bee stings you.
You die...

...............#+####...........
...............#....#.........##
...............#....'...+.....#
...............#....#...#.....#
...............#....#...#.....#
.....y.........#...##..##.....#
#########......#...##..#####+#.
#.....†#......... ..
#..†..y♣.........
#.....y#.........
#......########## ########


You could see 2 killer bees.

Vanquished Creatures
  A sky beast (D:6)
  2 ice beasts
  A phantom (D:6)
  A bullfrog (D:6)
  3 scorpions
  2 killer bees (D:7)
  A howler monkey (D:6)
  3 jellies
  3 hounds
  2 iguanas
  An orc wizard (D:2)
  A scorpion zombie (D:3)
  8 gnolls (D:6)
  5 adders
  2 shadow imps
  A white imp (D:6)
  An adder zombie (D:3)
  A dart slug (D:1)
  17 orcs
  3 endoplasms
  5 giant cockroaches
  6 goblins
  6 hobgoblins
  A jackal (D:2)
  5 kobolds
  6 quokkas
  7 ball pythons
  7 bats
  5 frilled lizards
  4 rats
111 creatures vanquished.

Notes
Turn   | Place    | Note
-------+----------+-------------------------------------------
     0 | D:1      | Reached skill level 10 in Ranged Weapons
     0 | D:1      | cdecastro the Gnoll Wanderer began the quest for the Orb.
     0 | D:1      | cdecastro set off with the following items: a +2 sling, a
                  | potion of lignification, a +0 ring mail, a scroll of
                  | vulnerability.
     0 | D:1      | Reached XP level 1. HP: 17/17 MP: 1/1
    17 | D:1      | Found a faded altar of an unknown god.
   187 | D:1      | Reached XP level 2. HP: 23/23 MP: 2/2
   428 | D:1      | Reached XP level 3. HP: 28/28 MP: 3/3
  1027 | D:2      | Reached skill level 1 in Invocations
  1041 | D:2      | Reached skill level 1 in Short Blades
  1041 | D:2      | Reached skill level 1 in Long Blades
  1041 | D:2      | Reached skill level 1 in Axes
  1041 | D:2      | Reached skill level 1 in Maces & Flails
  1041 | D:2      | Reached skill level 1 in Polearms
  1041 | D:2      | Reached skill level 1 in Staves
  1041 | D:2      | Reached skill level 1 in Throwing
  1041 | D:2      | Reached skill level 1 in Dodging
  1041 | D:2      | Reached skill level 1 in Stealth
  1041 | D:2      | Reached skill level 1 in Shields
  1041 | D:2      | Reached skill level 1 in Spellcasting
  1041 | D:2      | Reached skill level 1 in Evocations
  1597 | D:2      | Found Voil's Armour Emporium.
  1795 | D:2      | Reached XP level 4. HP: 32/34 MP: 5/5
  1816 | D:2      | Reached skill level 1 in Conjurations
  1816 | D:2      | Reached skill level 1 in Hexes
  1816 | D:2      | Reached skill level 1 in Summonings
  1816 | D:2      | Reached skill level 1 in Necromancy
  1816 | D:2      | Reached skill level 1 in Translocations
  1816 | D:2      | Reached skill level 1 in Transmutations
  1816 | D:2      | Reached skill level 1 in Fire Magic
  1816 | D:2      | Reached skill level 1 in Ice Magic
  1816 | D:2      | Reached skill level 1 in Air Magic
  1816 | D:2      | Reached skill level 1 in Earth Magic
  1816 | D:2      | Reached skill level 1 in Poison Magic
  1898 | D:3      | Found an opulent altar of Gozag.
  1943 | D:3      | Found a radiant altar of Vehumet.
  2227 | D:3      | Reached XP level 5. HP: 37/40 MP: 7/7
  2279 | D:3      | Found a basalt altar of Yredelemnul.
  2427 | D:3      | Became a worshipper of Vehumet
  3327 | D:5      | Entered Level 5 of the Dungeon
  3345 | D:4      | Reached XP level 6. HP: 28/47 MP: 7/9
  3430 | D:5      | Identified the +2 ring mail of the Elephant {Str+2}
  3598 | D:5      | Identified the ring "Kovvotho" {+Blink rF- rN+ Str+3 SInv}
  3702 | D:5      | Reached XP level 7. HP: 49/52 MP: 10/10
  4404 | D:6      | Reached XP level 8. HP: 60/60 MP: 12/12
  4453 | D:6      | Reached * piety under Vehumet
  4453 | D:6      | Offered knowledge of Foxfire by Vehumet.
  4464 | D:6      | Learned a level 1 spell: Foxfire
  4524 | D:6      | Found a hide-covered altar of Uskayaw.
  5105 | D:7      | Reached skill level 11 in Ranged Weapons
  5119 | D:7      | Found Kesescho's Overcharged Wands.
  5274 | D:7      | HP: 3/91 [killer bee (2)]
  5279 | D:7      | Slain by a killer bee

Illustrated notes

Levels and vault maps discovered:
D:1:      eino_arrival_tree_alley, layout_basic, basic_ecumenical_altar,
          bh_walls_and_bars
D:2:      layout_loops_corners, serial_shops, shop, minmay_misc_feat_columns,
          minmay_pentomino_x4
D:3:      layout_basic, lemuel_zombie_altar_yredelemnul, vehumet_crystals,
          grunt_gozag_breadcrumbs
D:4:      layout_basic, chequers_serial_rivers_micro_d, serial_bayou_pond_d,
          corexii_corridor_pit, minmay_distorted
D:5:      layout_rooms
D:6:      layout_basic, mainiacjoe_overflow_cross_hatched,
          chequers_serial_rivers_marsh
D:7:      layout_gridville, minmay_temple_entry_tees,
          nicolae_shop_overcharged_wands, uniq_prince_ribbit1

Skill      XL: |  1  2  3  4  5  6  7  8 |
---------------+-------------------------+-----
Ranged Weapons | 11 | 11.0
Invocations    | 1 2 3 |  3.8
Short Blades   | 1 2 3 |  3.4
Long Blades    | 1 2 3 |  3.4
Axes           | 1 2 3 |  3.4
Maces & Flails | 1 2 3 |  3.4
Polearms       | 1 2 3 |  3.4
Staves         | 1 2 3 |  3.4
Throwing       | 1 2 3 |  3.4
Dodging        | 1 2 3 |  3.4
Stealth        | 1 2 3 |  3.4
Shields        | 1 2 3 |  3.4
Spellcasting   | 1 2 3 |  3.4
Evocations     | 1 2 3 |  3.4
Conjurations   | 1 2 |  2.8
Hexes          | 1 2 |  2.8
Summonings     | 1 2 |  2.8
Necromancy     | 1 2 |  2.8
Translocations | 1 2 |  2.8
Transmutations | 1 2 |  2.8
Fire Magic     | 1 2 |  2.8
Ice Magic      | 1 2 |  2.8
Air Magic      | 1 2 |  2.8
Earth Magic    | 1 2 |  2.8
Poison Magic   | 1 2 |  2.8
Fighting       | 3 4 |  4.3
Armour         | 3 4 |  4.3
Unarmed Combat | 7 |  7.4

Action                     |  1- 3 |  4- 6 |  7- 9 || total
---------------------------+-------+-------+-------++-------
   Fire: Sling             |   107 |   173 |   240 ||   520
    Use: Potion            |       |       |     3 ||     3
 Armour: Ring mail         |    22 |    43 |    66 ||   131
         Skin              |       |       |    48 ||    48
  Dodge: Dodged            |    32 |    52 |    68 ||   152
